 Dungeon Crawl Stone Soup version 0.26-b1-45-g23770d1d51 (webtiles) character file.

Game seed: 11752498976440086095

40 Mattiprrivan the Skirmisher (level 3, -2/29 HPs)
             Began as a Demonspawn Chaos Knight on Jan 6, 2021.
             Was a Plaything of Xom.
             Slain by Sigmund
             ... wielding a +0 scythe
              (21 damage)
             ... on level 2 of the Dungeon.
             The game lasted 00:08:48 (854 turns).

Mattiprrivan the Skirmisher (DsCK)                   Turns: 854, Time: 00:08:48

Health: -2/29      AC:  5    Str: 13      XL:     3   Next: 30%
Magic:  3/3        EV: 11    Int: 10 (13) God:    Xom [..*...]
Gold:   22         SH:  0    Dex: 10 (12) Spells: 2/2 levels left

rFire    . . .     SeeInvis .   a - +0 falchion (chaos)
rCold    . . .     Faith    .   (no shield)
rNeg     . . .     Spirit   .   b - +2 leather armour
rPois    .         Reflect  .   (no helmet)
rElec    .         Harm     .   (no cloak)
rCorr    .         Rampage  .   (no gloves)
Will     .....                  (no boots)
Stlth    +.........             (no amulet)
HPRegen  0.09/turn              (no ring)
MPRegen  0.08/turn              (no ring)

@: no status effects
A: powered by death 1, miasma immunity
a: Renounce Religion


You were on level 2 of the Dungeon.
You worshipped Xom.
You were a toy of Xom.
You visited 1 branch of the dungeon, and saw 2 of its levels.

You collected 22 gold pieces.

Inventory:

Hand Weapons
 a - a +0 falchion of chaos (weapon)
Armour
 b - a +2 leather armour (worn)


   Skills:
 * Level 3.5 Fighting
 * Level 3.2 Long Blades
 * Level 1.9 Armour
 * Level 1.1 Dodging
 * Level 1.0 Stealth


You had 2 spell levels left.
You didn't know any spells.
Your spell library was empty.

Dungeon Overview and Level Annotations

Branches:
Dungeon (2/15)

Altars:

Annotations:
D:2 Sigmund


Innate Abilities, Weirdness & Mutations

You regenerate a little health from kills.
You are immune to miasma.


Message History

Sigmund is severely wounded.
Sigmund points at you and mumbles some strange words.
You are confused.
You feel much better. Sigmund hits you with a +0 scythe.
An adder comes into view.
You're too confused to move!
The adder hisses angrily.
Sigmund gestures at you while chanting. The puff of flame hits you!
You closely miss Sigmund.
Sigmund is severely wounded.
Sigmund closely misses you.
You barely miss Sigmund.
Sigmund is severely wounded.
You bump into the rock wall.
You feel less confused. Sigmund hits you with a +0 scythe!!
Ouch! That really hurt!
You die...
Xom roars with laughter!

#### ..# ...######.#
##########
....S.@@..#####.........
...####..#......#######.
#.###.###.# ###.##
##)...# ..# ##.#.# ###)#
##.##.# #.###.###.#
#..#.## #.# #.#.#####..


You could see Sigmund (strong, poisoned) and an adder.

Vanquished Creatures
  An adder (D:2)
  A worm (D:2)
  3 leopard geckos
  3 bats (D:1)
  A goblin (D:1)
  7 hobgoblins
  2 jackals (D:2)
  A kobold (D:1)
  3 rats (D:1)
22 creatures vanquished.

Vanquished Creatures (others)
  A fungus (D:1)
1 creature vanquished.

Grand Total: 23 creatures vanquished

Notes
Turn   | Place    | Note
-------+----------+-------------------------------------------
     0 | D:1      | Mattiprrivan the Demonspawn Chaos Knight began the quest
                  | for the Orb.
     0 | D:1      | Reached XP level 1. HP: 18/18 MP: 1/1
   213 | D:1      | Reached skill level 1 in Dodging
   213 | D:1      | Gained mutation: You regenerate a little health from kills.
                  | [demonic ancestry]
   213 | D:1      | Reached XP level 2. HP: 24/24 MP: 2/2
   306 | D:1      | XOM: divination: detect items
   362 | D:1      | XOM: silly message
   544 | D:1      | XOM: 1-stop teleportation journey
   704 | D:1      | XOM: god gift: 23 arrows
   729 | D:2      | Gained mutation: You are immune to miasma. [demonic
                  | ancestry]
   729 | D:2      | Reached XP level 3. HP: 29/29 MP: 3/3
   819 | D:2      | XOM: noise
   834 | D:2      | Reached skill level 1 in Stealth
   838 | D:2      | Noticed Sigmund
   841 | D:2      | XOM: confuse monster(s)
   854 | D:2      | Slain by Sigmund

Illustrated notes

Levels and vault maps discovered:
D:1:      dpeg_cavernosity, layout_loops_ring
D:2:      layout_loops_ring, riverfiend_overflow_shadow_ancestor,
          general_overflow_altar, uniq_sigmund

Skill      XL: |  1  2  3 |
---------------+----------+-----
Dodging        | 1 |  1.1
Long Blades    | 3 |  3.2
Stealth        | 1 |  1.0
Fighting       | |  3.5
Armour         | |  1.9

Action                   || total
-------------------------++-------
Melee: Falchion          ||    74
  Use: Scroll            ||     4
       Potion            ||     4
 Stab: Paralysed         ||     1
       Confused          ||     2
Armor: Leather armour    ||    32
Dodge: Dodged            ||    43
       Rpst.: Falchion   ||    14
